Map: Tritão LE

Players

lFKlabN - Winner!

  • Race: Terran Terran
  • League: Diamond
  • Spawn Location: 11:00

LowLinK

  • Race: Protoss Protoss
  • League: Diamond
  • Spawn Location: 5:00

VOD

Have the link to the VOD?

Description

Time

  • Played on: Feb. 16, 2020, 1:54 p.m.
  • Length: 10:43
Show
View Real Time Build Order
Export as new Build Order

lFKlabN Terran - Winner!

Build Orders: Reaper Expand 

Get SALT Encoding   

  12  0:00  SCV  
  13  0:13  SCV  
  14  0:17  Supply Depot  
  14  0:25  SCV  
  15  0:39  SCV  
  15  0:40  Barracks  
  16  0:45  Refinery  
  16  0:51  SCV  
  17  1:03  SCV  
  18  1:15  SCV  
  19  1:27  Orbital Command  
  19  1:28  Reaper  
  20  1:41  Supply Depot  
  20  1:52  Command Center  
  20  1:54  SCV  
  21  2:06  SCV  
  22  2:09  Factory  
  22  2:13  Marine  
  22  2:14  Refinery  
  23  2:18  SCV  
  24  2:30  SCV, Marine  
  26  2:42  SCV  
  27  2:55  SCV  
  27  2:57  Starport  
  27  2:58  Factory Tech Lab  
  28  3:04  Orbital Command  
  28  3:07  SCV, Bunker  
  29  3:19  SCV  
  30  3:26  Marine  
  30  3:27  Siege Tank  
  30  3:30  SCV  
  30  3:31  SCV  
  35  3:36  Supply Depot  
  35  3:40  Starport Tech Lab  
  35  3:42  Barracks  
  35  3:43  SCV  
  35  3:44  Marine  
  37  3:49  SCV, Supply Depot  
  37  3:55  SCV  
  39  3:56  Bunker  
  39  3:57  Engineering Bay  
  39  4:01  SCV  
  39  4:02  Marine  
  41  4:05  Supply Depot  
  41  4:08  SCV  
  42  4:12  Supply Depot  
  42  4:16  SCV  
  43  4:23  Banshee  
  46  4:25  SCV  
  47  4:33  Refinery  
  47  4:34  Refinery  
  47  4:36  Supply Depot  
  47  4:39  Missile Turret  
  47  4:40  SCV, Missile Turret  
  47  4:44  Missile Turret  
  48  4:46  Barracks Tech Lab  
  48  4:47  Cloaking Field  
  48  4:50  Barracks  
  48  4:53  SCV  
  48  4:59  SCV  
  50  5:00  Siege Tank  
  53  5:11  Marine  
  53  5:12  SCV  
  55  5:14  Barracks Reactor  
  55  5:24  Supply Depot  
  55  5:26  Supply Depot  
  55  5:28  SCV  
  56  5:29  Marine  
  56  5:34  Raven  
  59  5:38  Supply Depot, Barracks Reactor  
  59  5:39  Barracks  
  59  5:43  SCV x2  
  59  5:46  Marine, Siege Tank  
  65  5:55  SCV  
  66  5:59  SCV  
  66  6:03  Marine  
  66  6:04  Marine x2  
  53  6:17  Banshee  
  48  6:21  Marine x2  
  48  6:22  Marine  
  48  6:24  SCV  
  43  6:27  SCV  
  43  6:29  Marine  
  43  6:30  Marine  
  42  6:39  SCV  
  38  6:43  Marine  
  32  6:49  SCV  
  24  6:56  SCV  
  24  6:59  Banshee  
  23  7:07  SCV  
  24  7:10  SCV  
  24  7:14  Siege Tank  
  24  7:15  Marine x2  
  28  7:19  SCV  
  31  7:25  Bunker  
  31  7:27  SCV  
  31  7:28  Marine  
  33  7:32  SCV, Marine  
  35  7:39  SCV  
  35  7:42  Marine  
  35  7:44  SCV  
  34  7:51  SCV  
  32  8:01  SCV  
  32  8:04  SCV  
  31  8:09  Siege Tank  
  31  8:10  Bunker  
  34  8:14  SCV  
  34  8:18  Marine x3  
  38  8:20  Command Center  
  38  8:27  SCV  
  38  8:28  Marine x2  
  38  8:30  SCV  
  41  8:38  Marine  
  41  8:39  SCV  
  42  8:41  Siege Tank  
  42  8:42  SCV  
  44  8:51  SCV  
  44  8:55  SCV  
  46  8:59  Supply Depot  
  46  9:03  SCV  
  46  9:07  SCV  
  48  9:15  SCV  
  49  9:19  SCV  
  50  9:27  Marine x3, SCV  
  50  9:28  Marauder  
  56  9:33  Medivac  
  55  9:42  SCV  
  53  9:48  Siege Tank  
  53  9:49  SCV  
  57  9:53  Barracks Tech Lab  
  57  9:54  SCV, Orbital Command  
  58  10:03  Marine  
  58  10:04  Marine  
  58  10:05  Marauder  
  62  10:15  Marine  
  62  10:16  Marine x2  
  67  10:21  Marine  
  67  10:22  Marine  
  67  10:27  Missile Turret  
Show
View Real Time Build Order
Export as new Build Order

LowLinK Protoss 

Build Orders:  

Get SALT Encoding   

  12  0:01  Probe  
  13  0:13  Probe  
  14  0:16  Pylon  
  14  0:25  Probe  
  15  0:37  Probe (Chrono Boost)  
  15  0:38  Gateway  
  16  0:48  Probe (Chrono Boost)  
  17  0:50  Assimilator  
  17  0:52  Probe (Chrono Boost)  
  18  0:59  Assimilator  
  18  1:03  Probe  
  19  1:15  Probe, Pylon  
  20  1:25  Cybernetics Core  
  20  1:29  Probe  
  21  1:41  Probe  
  22  1:54  Probe  
  23  1:58  Warp Gate (Chrono Boost)  
  23  2:03  Stalker  
  25  2:22  Probe  
  25  2:53  Stalker (Chrono Boost)  
  27  3:01  Pylon  
  24  3:27  Probe  
  24  3:31  Gateway  
  24  3:34  Gateway  
  24  3:36  Gateway  
  24  3:39  Probe  
  24  3:40  Gateway  
  25  3:46  Pylon, Stalker  
  27  3:51  Probe  
  28  4:09  Sentry  
  28  4:21  Robotics Facility  
  28  4:27  Stalker  
  28  4:29  Stalker  
  32  4:32  Stalker x2  
  32  4:33  Pylon  
  36  4:39  Stalker  
  38  4:51  Zealot  
  40  4:52  Sentry  
  40  4:55  Stalker  
  40  4:58  Stalker x2  
  48  5:08  Immortal (Chrono Boost)  
  52  5:20  Stalker  
  54  5:28  Pylon  
  54  5:50  Stalker x2  
  35  6:36  Stalker  
  33  7:04  Observer (Chrono Boost)  
  28  7:28  Stalker  
  30  7:32  Probe  
  30  7:35  Sentry  
  34  7:44  Probe  
  21  8:07  Stalker  
  21  8:10  Zealot x3  
  21  8:11  Zealot  
  31  8:16  Probe (Chrono Boost)  
  32  8:26  Probe (Chrono Boost)  
  31  8:45  Stalker x2  
  28  8:56  Stalker  
  22  9:07  Zealot x2  
  19  9:26  Stalker  
  19  10:18  Probe (Chrono Boost)  
Tags
 
Add a new tag
Caveats
  • Supply blocks, unpowered buildings, or Contaminate may cause inaccurate times.
  • Supply counts are checked every 10 seconds.